 Dungeon Crawl Stone Soup version 0.29.0-4-gdea44cf6ec (webtiles) character file.

Game seed: 11059791468124549462

289 qw the Shield-Bearer (level 6, -2/35 HPs)
             Began as a Tengu Warper on Aug 28, 2022.
             Succumbed to their own poison gas
             ... on level 3 of the Dungeon.
             The game lasted 00:00:25 (5093 turns).

qw the Shield-Bearer (Tengu Warper)                 Turns: 5093, Time: 00:00:26

Health: -2/35      AC:  8    Str: 13    XL:     6   Next: 31%
Magic:  10/10      EV:  3    Int: 13    God:
Gold:   91         SH: 13    Dex: 14    Spells: 9/9 levels left

rFire   . . .      SeeInvis .   Y - +1 hand axe (freeze)
rCold   + . .      Faith    .   l - +0 tower shield
rNeg    . . .      Spirit   .   d - +0 chain mail
rPois   .          Reflect  .   (helmet restricted)
rElec   .          Harm     .   (no cloak)
rCorr   .          Rampage  .   (no gloves)
Will    .....                   (boots unavailable)
Stlth   ..........              (no amulet)
HPRegen 0.11/turn               i - ring of protection from cold
MPRegen 0.12/turn               (no ring)

@: lethally poisoned (-2 -> -16), flying quickly and evasively, quick
A: beak, talons 3, nimble flight
a: no special abilities


You were on level 3 of the Dungeon.
You visited 1 branch of the dungeon, and saw 4 of its levels.

You collected 305 gold pieces.
You spent 214 gold pieces at shops.


Innate Abilities, Weirdness & Mutations

You have a beak for a mouth.
You have claws for feet.
Your magical nature lets you fly swiftly and evasively.


   Skills:
 - Level 2.0 Fighting
 - Level 4.3 Axes
 - Level 1.0 Throwing
 - Level 1.1 Armour
 - Level 2.1 Dodging
 + Level 4.9 Shields
 - Level 2.0 Spellcasting
 - Level 2.4 Translocations


You had 9 spell levels left.
You didn't know any spells.
Your spell library contained the following spells:

 Spells                   Type           Power      Damage    Failure   Level
 Blink                    Tloc           14%        N/A       100%        2
 Gell's Gravitas          Tloc           7%         N/A       100%        3
 Lesser Beckoning         Tloc           7%         N/A       100%        3
 Teleport Other           Tloc           7%         N/A       100%        3
 Manifold Assault         Tloc           7%         N/A       100%        5

Inventory:

Hand Weapons
 q - a +0 morningstar
 Y - a +1 hand axe of freezing (weapon)
Missiles
 k - 2 boomerangs (quivered)
Armour
 d - a +0 chain mail (worn)
 l - a +0 tower shield (worn)
Jewellery
 i - a ring of protection from cold (left hand)
Scrolls
 h - a scroll of identify
Potions
 a - a potion of haste
 f - a potion of resistance
 g - a potion of cancellation
 n - a potion of mutation

Dungeon Overview and Level Annotations

Branches:
Dungeon (4/15)
 Temple: D:4-7

Altars:

Shops:
D:4 =:([


Message History

It was a scroll of poison.
Done exploring.
5084 ||| READING scroll labelled SAATEG QIGATIS.
As you read the scroll labelled SAATEG QIGATIS, it crumbles to dust.
You hear a loud clanging noise!
It was a scroll of noise.
Done exploring.
5085 ||| READING 3 scrolls of identify.
As you read the scroll of identify, it crumbles to dust.
g - a potion of cancellation;
5085 ||| IDENTIFYING emerald potion Done exploring.
5086 ||| READING 2 scrolls of identify.
As you read the scroll of identify, it crumbles to dust.
p - a potion of invisibility;
5086 ||| IDENTIFYING black potion Done exploring.
5087 ||| DROPPING potion of invisibility.
You drop a potion of invisibility.
Done exploring.
(D) Dungeon
Where to? (* - list waypoints, Enter - D:4, ? - help)
What level of the Dungeon? (default 1, ? - help) Sorry, I don't know how to get there.
Done exploring.
5088 ||| Stepping randomly (stuck).
Really fly into that cloud of poison gas?
You are engulfed in poison gas.
You are poisoned.
You feel very sick.
There is a stone staircase leading up here.
5089 ||| STAIRDANCE You are engulfed in poison gas.
You are lethally poisoned!
You feel extremely sick.
You fly upwards.
You feel extremely sick.
There is a stone staircase leading down here.
There is a lethal amount of poison in your body!
You feel very sick.
There is a lethal amount of poison in your body!
You feel very sick.
There is a lethal amount of poison in your body!
You die...

.###.####.##.# #.# ####..... .#
#.# #.##.######.# #..#..... .#
#.# ##.##........#####..'.....
.###.###.#.####.........####'###%
........###.........###.##.#..#..
.#######.#.####.###.# #.##.#..#..
.## ##.## #.# #.# #.##.###### ..#
#.#####.###.# #.##.# ##. #.#
#.......@##.# #.##.# #.# #.#
#..........>###.##.# ##. ..#
#........####...)..# ## ..#
##........####.###..###### ..##
#.......<.##...# #........ ...#
###.#.......##.#.###.####.##
...###...#.......##.#.....# #.#
.......#####..#.........### #.#
...###)..#...............# #.#


There were no monsters in sight!

Vanquished Creatures
  A phantom (D:4)
  2 orc priests (D:4)
  7 adders
  A dart slug (D:1)
  4 orcs (D:4)
  15 ball pythons
  8 bats
  6 endoplasms
  3 giant cockroaches
  7 goblins
  7 hobgoblins
  3 jackals (D:1)
  3 quokkas
  5 frilled lizards
  7 kobolds
  2 rats
81 creatures vanquished.

Vanquished Creatures (others)
  An orc wizard (D:4)
1 creature vanquished.

Grand Total: 82 creatures vanquished

Notes
Turn   | Place    | Note
-------+----------+-------------------------------------------
     0 | D:1      | qw the Tengu Warper began the quest for the Orb.
     0 | D:1      | Reached XP level 1. HP: 12/12 MP: 4/4
     0 | D:1      | 0 ||| qw: Version: 0.1-a-89-g26bdef1
     0 | D:1      | 0 ||| qw: Game counter: 989
     0 | D:1      | 0 ||| qw: Always use a shield: true
     0 | D:1      | 0 ||| qw: God list: Okawaru
     0 | D:1      | 0 ||| qw: Allow faded altars: false
     0 | D:1      | 0 ||| qw: Do Orc after D:15 true
     0 | D:1      | 0 ||| qw: Do second Lair branch before Depths: true
     0 | D:1      | 0 ||| qw: Lair rune preference: random
     0 | D:1      | 0 ||| qw: Plans: Normal
     0 | D:1      | 0 ||| PLANNING D:1-11
   126 | D:1      | 126 ||| Stepping ~*~*~tactically~*~*~ (stealth).
   128 | D:1      | 128 ||| Stepping ~*~*~tactically~*~*~ (stealth).
   130 | D:1      | 130 ||| Stepping ~*~*~tactically~*~*~ (stealth).
   133 | D:1      | Reached XP level 2. HP: 17/17 MP: 6/6
   137 | D:1      | Reached skill level 3 in Axes
   151 | D:1      | HP: 3/17 [hobgoblin (3)]
   205 | D:1      | 205 ||| Stepping ~*~*~tactically~*~*~ (stealth).
   207 | D:1      | 207 ||| Stepping ~*~*~tactically~*~*~ (stealth).
   219 | D:1      | 219 ||| Stepping ~*~*~tactically~*~*~ (stealth).
   222 | D:1      | 222 ||| Stepping ~*~*~tactically~*~*~ (stealth).
   229 | D:1      | HP: 2/17 [frilled lizard (3)]
   692 | D:1      | 692 ||| DROPPING +0 club.
   756 | D:1      | 756 ||| Stepping ~*~*~tactically~*~*~ (stealth).
   759 | D:1      | Reached XP level 3. HP: 11/21 MP: 7/7
   966 | D:1      | Found a faded altar of an unknown god.
  1164 | D:1      | 1164 ||| UPGRADING to +0 tower shield.
  1169 | D:1      | 1169 ||| READING 2 scrolls labelled QEUCALOINYRPH.
  1170 | D:1      | 1170 ||| READING 2 scrolls labelled JOIGORH IXUAGG.
  1171 | D:1      | 1171 ||| READING scroll labelled ATRUM IM LEA.
  1172 | D:1      | 1172 ||| READING 2 scrolls labelled CUKKONUOTU.
  1173 | D:1      | 1173 ||| DRINKING 2 silvery potions.
  1174 | D:1      | 1174 ||| DROPPING scroll of amnesia.
  1175 | D:1      | 1175 ||| DROPPING scroll of blinking.
  1176 | D:1      | 1176 ||| DROPPING scroll of vulnerability.
  1449 | D:2      | 1449 ||| Stepping ~*~*~tactically~*~*~ (stealth).
  1450 | D:2      | 1450 ||| Stepping ~*~*~tactically~*~*~ (stealth).
  1458 | D:2      | Reached skill level 1 in Shields
  1542 | D:2      | 1542 ||| Stepping ~*~*~tactically~*~*~ (stealth).
  1543 | D:2      | 1543 ||| Stepping ~*~*~tactically~*~*~ (stealth).
  1544 | D:2      | 1544 ||| Stepping ~*~*~tactically~*~*~ (stealth).
  1872 | D:2      | Identified the +7 mace of Slow Death {vorpal, Str+2 SInv}
  1874 | D:2      | 1874 ||| DROPPING +1 whip of draining.
  2179 | D:2      | 2179 ||| READING scroll labelled QONOUW BENUQ.
  2304 | D:2      | 2304 ||| READING scroll labelled ZUTULU HOGGE REU.
  2305 | D:2      | 2305 ||| DRINKING 2 red potions.
  2306 | D:2      | 2306 ||| DRINKING 2 bubbling puce potions.
  2332 | D:2      | 2332 ||| DROPPING potion of flight.
  2333 | D:2      | 2333 ||| DROPPING potion of lignification.
  2385 | D:3      | 2385 ||| Stepping ~*~*~tactically~*~*~ (stealth).
  2386 | D:3      | 2386 ||| Stepping ~*~*~tactically~*~*~ (stealth).
  2426 | D:3      | Reached XP level 4. HP: 24/26 MP: 8/8
  2825 | D:3      | 2825 ||| Stepping ~*~*~tactically~*~*~ (stealth).
  2852 | D:3      | 2852 ||| Stepping ~*~*~tactically~*~*~ (stealth).
  2854 | D:3      | 2854 ||| Stepping ~*~*~tactically~*~*~ (stealth).
  3225 | D:3      | Reached skill level 3 in Shields
  3241 | D:3      | 3241 ||| Stepping ~*~*~tactically~*~*~ (hiding).
  3455 | D:3      | Gained mutation: Your magical nature lets you fly swiftly
                  | and evasively. [Tengu growth]
  3455 | D:3      | Reached XP level 5. HP: 23/30 MP: 9/9
  3958 | D:3      | 3958 ||| UPGRADING to +0 ring mail.
  3968 | D:3      | 3968 ||| DROPPING +0 leather armour.
  3969 | D:3      | 3969 ||| UPGRADING to ring of protection from cold.
  3970 | D:3      | 3970 ||| READING 2 scrolls labelled XALOPR ZUKLO.
  3971 | D:3      | 3971 ||| READING scroll labelled XINNOJ ZUSCHOU.
  3972 | D:3      | 3972 ||| DRINKING 2 blue potions.
  3973 | D:3      | 3973 ||| DRINKING 2 pink potions.
  3974 | D:3      | 3974 ||| DRINKING 3 white potions.
  3975 | D:3      | 3975 ||| READING 4 scrolls of identify.
  3975 | D:3      | 3975 ||| IDENTIFYING sapphire potion
  3976 | D:3      | 3976 ||| READING 3 scrolls of identify.
  3976 | D:3      | 3976 ||| IDENTIFYING sedimented pink potion
  3977 | D:3      | 3977 ||| READING 2 scrolls of identify.
  3977 | D:3      | 3977 ||| IDENTIFYING clear potion
  3978 | D:3      | 3978 ||| DROPPING potion of attraction.
  3979 | D:3      | 3979 ||| DROPPING scroll of magic mapping.
  3980 | D:3      | 3980 ||| DROPPING potion of degeneration.
  4457 | D:4      | Found Fatsosh's Book Boutique.
  4461 | D:4      | Found Ruckaish's Weapon Shoppe.
  4468 | D:4      | 4468 ||| BUYING +0 flail of protection (62 gold).
  4468 | D:4      | Bought a +0 flail of protection for 62 gold pieces
  4468 | D:4      | 4468 ||| BUYING +0 morningstar (40 gold).
  4468 | D:4      | Bought a +0 morningstar for 40 gold pieces
  4468 | D:4      | 4468 ||| DROPPING +7 mace of Slow Death {vorpal, Str+2
                  | SInv}.
  4469 | D:4      | 4469 ||| DROPPING +0 flail.
  4470 | D:4      | 4470 ||| DROPPING +0 flail of protection.
  4493 | D:4      | Found Opny's Antique Armour Boutique.
  4496 | D:4      | 4496 ||| BUYING chain mail (112 gold).
  4496 | D:4      | Bought a chain mail for 112 gold pieces
  4496 | D:4      | 4496 ||| SHOPLISTING runed cloak (187 gold, have 38).
  4496 | D:4      | 4496 ||| SHOPLISTING runed hat (175 gold, have 38).
  4496 | D:4      | 4496 ||| SHOPLISTING shiny ring mail (175 gold, have 38).
  4533 | D:4      | 4533 ||| DRINKING potion of curing.
  4533 | D:4      | 4533 ||| (to cure confusion)
  4541 | D:4      | Noticed a phantom
  4543 | D:4      | HP: 7/30 [orc priest/+0 mace (6)]
  4544 | D:4      | 4544 ||| DRINKING 2 potions of heal wounds.
  4558 | D:4      | HP: 5/30 [phantom (6)]
  4559 | D:4      | 4559 ||| DRINKING potion of heal wounds.
  4570 | D:4      | HP: 7/30 [phantom (2)]
  4572 | D:4      | Killed a phantom
  4573 | D:4      | Reached XP level 6. HP: 9/35 MP: 10/10
  4812 | D:4      | 4812 ||| SWAPPING to +1 hand axe of freezing.
  4813 | D:4      | 4813 ||| DROPPING +1 hand axe.
  4917 | D:4      | Found Xoceem's Jewellery Boutique.
  4928 | D:4      | 4928 ||| SHOPLISTING +6 ring of strength (360 gold, have
                  | 81).
  4928 | D:4      | 4928 ||| SHOPLISTING amulet "Noghereirhe" {Spirit +Inv rN+}
                  | (482 gold, have 81).
  4928 | D:4      | 4928 ||| SHOPLISTING amulet of the acrobat (300 gold, have
                  | 81).
  4928 | D:4      | 4928 ||| SHOPLISTING ring "Daukk" {Wiz SInv} (412 gold,
                  | have 81).
  4928 | D:4      | 4928 ||| SHOPLISTING ring "Garoefuo" {Will+ rCorr Int+3}
                  | (439 gold, have 81).
  4928 | D:4      | 4928 ||| SHOPLISTING ring of poison resistance (200 gold,
                  | have 81).
  4928 | D:4      | 4928 ||| SHOPLISTING ring of see invisible (150 gold, have
                  | 81).
  4928 | D:4      | 4928 ||| SHOPLISTING ring of willpower (250 gold, have 81).
  5061 | D:4      | 5061 ||| UPGRADING to +0 scale mail.
  5071 | D:4      | 5071 ||| UPGRADING to +0 chain mail.
  5081 | D:4      | 5081 ||| DROPPING +0 scale mail.
  5082 | D:4      | 5082 ||| DROPPING +0 ring mail.
  5083 | D:4      | 5083 ||| READING scroll labelled BESOS IDWANUNK.
  5084 | D:4      | 5084 ||| READING scroll labelled SAATEG QIGATIS.
  5085 | D:4      | 5085 ||| READING 3 scrolls of identify.
  5085 | D:4      | 5085 ||| IDENTIFYING emerald potion
  5086 | D:4      | 5086 ||| READING 2 scrolls of identify.
  5086 | D:4      | 5086 ||| IDENTIFYING black potion
  5087 | D:4      | 5087 ||| DROPPING potion of invisibility.
  5088 | D:4      | 5088 ||| Stepping randomly (stuck).
  5089 | D:4      | 5089 ||| STAIRDANCE
  5090 | D:3      | HP: 8/35 [poisoned by you (poison gas)]
  5092 | D:3      | HP: 1/35 [poisoned by you (poison gas)]
  5093 | D:3      | Succumbed to their own poison gas

Levels and vault maps discovered:
D:1:      minmay_arrival_glassed_features, layout_basic,
          ebering_ecumenical_altar_hall, minmay_circled_x
D:2:      layout_basic
D:3:      layout_loops_ring, corner_web_ring, minmay_snake_closets
D:4:      layout_basic, serial_shops, nicolae_shop_advertising_works
          [nicolae_subvault_shop_adworks], nicolae_shop_behind_doors,
          nicolae_shop_crystal, shop, fountainhead

Skill      XL: |  1  2  3  4  5 |
---------------+----------------+-----
Axes           | 3 4 |  4.3
Shields        | 1 3 4 |  4.9
Fighting       | |  2.0
Throwing       | |  1.0
Armour         | |  1.1
Dodging        | |  2.1
Spellcasting   | |  2.0
Translocations | |  2.4

Action                   |  1- 3 |  4- 6 || total
-------------------------+-------+-------++-------
Melee: Hand axe          |   108 |   108 ||   216
       Peck              |    16 |    12 ||    28
       Kick              |    21 |    31 ||    52
Throw: Boomerang         |     7 |       ||     7
  Use: Scroll            |     6 |     9 ||    15
       Potion            |     3 |     6 ||     9
Armor: Leather armour    |    20 |     8 ||    28
       Ring mail         |       |    10 ||    10
Dodge: Dodged            |    45 |    24 ||    69
Block: Tower shield      |    39 |    72 ||   111

Table legend:
 A = Non-vault XP
 B = Vault XP
 C = Vault XP percentage of total XP
 D = Non-vault monster count
 E = Vault monster count
 F = Vault count percentage of total count
                 A         B        C        D         E       F
            +---------+---------+-------+---------+---------+-------
      Total |     335 |      78 |  18.9 |      70 |      12 |  14.6
            +---------+---------+-------+---------+---------+-------
        D:1 |      34 |       6 |  15.0 |      20 |       4 |  16.7
        D:2 |      37 |       0 |   0.0 |      17 |       0 |   0.0
        D:3 |      44 |      72 |  62.1 |      19 |       8 |  29.6
        D:4 |     220 |       0 |   0.0 |      14 |       0 |   0.0
            +---------+---------+-------+---------+---------+-------
